 Dungeon Crawl Stone Soup version 0.30-a0-364-gf6b3ef1049 (webtiles) character file.

Game seed: 3355218324320386646

516 Shayle the Sneak (level 7, -1/64 HPs)
             Began as a Naga Reaver on Nov 15, 2022.
             Slain by an iguana (3 damage)
             ... on level 5 of the Dungeon.
             The game lasted 00:14:43 (3317 turns).

Shayle the Sneak (Naga Reaver)                      Turns: 3317, Time: 00:14:44

Health: -1/64      AC:  5    Str: 15    XL:     7   Next: 20%
Magic:  10/10      EV: 10    Int: 15    God:
Gold:   169        SH:  0    Dex:  9    Spells: 5/10 levels left

rFire   . . .      SeeInvis +    e - +0 war axe
rCold   + . .      Faith    .    (no shield)
rNeg    . . .      Spirit   .    b - +0 leather armour
rPois   +          Reflect  .    j - +2 hat
rElec   .          Harm     .    (no cloak)
rCorr   .          Rampage  .    (no gloves)
Will    .....                    (no barding)
Stlth   ++........               (no amulet)
HPRegen 0.30/turn                i - ring of protection from cold
MPRegen 0.12/turn                (no ring)

@: very slow
A: AC +2, large, see invisible, deformed body, poison resistance, slowness 2,
spit poison 1, naga tail 1
a: Spit Poison


You were on level 5 of the Dungeon.
You visited 1 branch of the dungeon, and saw 5 of its levels.

You collected 169 gold pieces.

Inventory:

Hand Weapons
 a - a +0 hand axe
 e - a +0 war axe (weapon)
Armour
 b - a +0 leather armour (worn)
 j - a +2 hat (worn)
Jewellery
 i - a ring of protection from cold (left hand)
Wands
 n - a wand of paralysis (7)
 o - a wand of iceblast (3)
Scrolls
 c - 6 scrolls of teleportation
 d - 3 scrolls of fog
 g - a scroll of enchant weapon {unknown}
 h - a scroll of identify
 m - a scroll of enchant armour {unknown}
 q - a scroll of fear {unknown}
Potions
 f - 2 potions of might
 k - a potion of ambrosia


   Skills:
 + Level 4.1 Fighting
 + Level 4.7 Axes
 + Level 3.4 Dodging
 + Level 5.4 Stealth
 - Level 2.0 Spellcasting
 - Level 3.0 Conjurations


You had 5 spell levels left.
You knew the following spells:

 Your Spells              Type           Power      Damage    Failure   Level
a - Kiss of Death         Conj/Necr      24%        2d7       14%         1
b - Magic Dart            Conj           40%        1d5       8%          1
c - Hailstorm             Conj/Ice       6%         3d4       41%         3

Your spell library contained the following spells:

 Spells                   Type           Power      Damage    Failure   Level
 Momentum Strike          Conj/Tloc      12%        3d8       22%         2
 Call Imp                 Summ           1%         N/A       38%         2
 Sublimation of Blood     Necr           1%         N/A       38%         2
 Wereblood                Tmut           1%         N/A       38%         2
 Mephitic Cloud           Conj/Pois/Air  4%         N/A       47%         3
 Portal Projectile        Hex/Tloc       2%         N/A       63%         3
 Tukima's Dance           Hex            1%         N/A       63%         3
 Blade Hands              Tmut           0%         N/A       100%        5
 Summon Hydra             Summ           0%         N/A       100%        7


Dungeon Overview and Level Annotations

Branches:
Dungeon (5/15)
 Temple: D:4-7

Altars:
Cheibriados
Dithmenos
Hepliaklqana
Okawaru
Trog

Annotations:
D:2 Natasha


Innate Abilities, Weirdness & Mutations

Your serpentine skin is tough. (AC +2)
You have supernaturally acute eyesight. (SInv)
Armour fits poorly on your strangely shaped body.
Your system is resistant to poisons. (rPois)
You cover ground very slowly.
You can spit poison.
You have a snake-like lower body.


Message History

Press: ? - help, Shift-Dir - straight line, f/p - hound
Aim: a hound (severely wounded, 45% to hit)
The splash of poison hits the hound.
The hound is almost dead.
The hound bites you but does no damage.
You barely miss the iguana. You hit the hound but do no damage.
The hound bites you.
The iguana bites you but does no damage.
The hound completely misses you.
You hit the hound.
The hound is almost dead.
You hit the iguana. The hound bites you.
* * * LOW HITPOINT WARNING * * *
The iguana barely misses you. The hound bites you.
* * * LOW HITPOINT WARNING * * *
You slash the hound!
You kill the hound!
You barely miss the iguana.
The iguana bites you but does no damage.
The iguana bites you.
* * * LOW HITPOINT WARNING * * *
You closely miss the iguana.
The iguana is lightly wounded.
The iguana closely misses you.
You hit the iguana.
The iguana is heavily wounded.
You have got your breath back.
The iguana bites you.
* * * LOW HITPOINT WARNING * * *
You hit the iguana.
The iguana is almost dead.
The iguana misses you.
You closely miss the iguana.
The iguana is almost dead.
The iguana closely misses you. The iguana bites you!
* * * LOW HITPOINT WARNING * * *
You barely miss the iguana.
The iguana is almost dead.
The iguana bites you.
You die...

..~#≈≈≈≈..~≈≈≈≈#.
.###.####.~≈≈≈~~~~~≈≈##
............#~~~~≈~.##
.............~≈)~≈#..#
..............#..##.##
...#.......†##..#.##
#...............†.#
#†l...........).#
##@............##
#!......#.....#
#.......#..)..#
#########..)..# #######


You could see an iguana.

Vanquished Creatures
  Sigmund (D:3)
  A phantom (D:4)
  A hound (D:5)
  2 orc priests (D:5)
  Jessica (D:3)
  Ijyb (D:4)
  An orc wizard (D:5)
  4 adders
  An ufetubus (D:3)
  2 worms (D:3)
  5 dart slugs
  3 orcs
  8 endoplasms
  3 giant cockroaches
  2 goblins (D:1)
  7 hobgoblins
  3 jackals (D:3)
  9 kobolds
  2 quokkas (D:1)
  2 ball pythons
  4 bats
  5 frilled lizards
  7 rats
75 creatures vanquished.

Vanquished Creatures (collateral kills)
  A dart slug (D:5)
1 creature vanquished.

Vanquished Creatures (others)
  18 plants (D:1)
18 creatures vanquished.

Grand Total: 94 creatures vanquished

Notes
Turn   | Place    | Note
-------+----------+-------------------------------------------
     0 | D:1      | Shayle the Naga Reaver began the quest for the Orb.
     0 | D:1      | Reached XP level 1. HP: 19/19 MP: 3/3
   176 | D:1      | Reached skill level 1 in Stealth
   177 | D:1      | Reached XP level 2. HP: 26/26 MP: 5/5
   359 | D:1      | Reached XP level 3. HP: 14/33 MP: 6/6
   452 | D:1      | Found a faded altar of an unknown god.
   695 | D:1      | Learned a level 1 spell: Magic Dart
   699 | D:1      | Learned a level 3 spell: Hailstorm
   735 | D:1      | Reached skill level 2 in Stealth
   842 | D:2      | Found an iron altar of Okawaru.
  1216 | D:2      | Noticed Natasha
  1243 | D:3      | Reached XP level 4. HP: 23/40 MP: 7/7
  1709 | D:3      | Found a bloodstained altar of Trog.
  1850 | D:3      | Reached skill level 3 in Stealth
  2015 | D:3      | Noticed Jessica
  2019 | D:3      | Killed Jessica
  2020 | D:3      | Reached XP level 5. HP: 40/49 MP: 8/8
  2334 | D:4      | Noticed Ijyb
  2347 | D:4      | Found a snail-covered altar of Cheibriados.
  2381 | D:4      | Killed Ijyb
  2514 | D:4      | Noticed Sigmund
  2542 | D:3      | Killed Sigmund
  2543 | D:3      | Reached skill level 4 in Stealth
  2543 | D:3      | Reached XP level 6. HP: 9/56 MP: 9/9
  2784 | D:4      | Found a shadowy altar of Dithmenos.
  2784 | D:4      | Noticed a shadow
  2787 | D:4      | Found a hazy altar of Hepliaklqana.
  3121 | D:5      | Entered Level 5 of the Dungeon
  3155 | D:5      | Reached skill level 5 in Stealth
  3254 | D:5      | Reached XP level 7. HP: 25/63 MP: 10/10
  3316 | D:5      | HP: 1/64 [iguana (9)]
  3317 | D:5      | Slain by an iguana

Illustrated notes

Levels and vault maps discovered:
D:1:      lemuel_arrival_broad_hall, layout_rooms,
          shapermc_ecumenical_altar_notcrosses, lexackson_kobold_supper
D:2:      layout_basic, basic_altar, minmay_tetromino_l4, uniq_natasha
D:3:      layout_basic, trog_three_pillars_becter, uniq_jessica
D:4:      layout_cave_pools, riverfiend_overflow_shadow_ancestor,
          cheibriados_altar_1, serial_park_tiny_2, uniq_sigmund, uniq_ijyb
D:5:      kennysheep_slugbush, layout_rooms, nicolae_elyvilon_peaceful_grove,
          minmay_temple_entry_gardened_gates, ebering_ghost_rock_garden,
          abandoned_shop, uniq_grinder, uniq_blork_the_orc

Skill      XL: |  1  2  3  4  5  6  7 |
---------------+----------------------+-----
Stealth        | 1 2 3 4 5 |  5.4
Dodging        | 2 3 |  3.4
Fighting       | 3 4 |  4.1
Axes           | 4 |  4.7
Spellcasting   | |  2.0
Conjurations   | |  3.0

Action                   |  1- 3 |  4- 6 |  7- 9 || total
-------------------------+-------+-------+-------++-------
Melee: Hand axe          |    97 |   179 |    21 ||   297
       Punch             |       |     2 |       ||     2
       War axe           |       |       |    11 ||    11
 Cast: Magic Dart        |     2 |     7 |       ||     9
 Abil: Spit Poison       |    25 |    10 |     2 ||    37
  Use: Scroll            |     9 |       |     1 ||    10
       Potion            |       |     6 |       ||     6
 Stab: Sleeping          |     2 |     1 |       ||     3
Armor: Leather armour    |    51 |    92 |    12 ||   155
Dodge: Dodged            |    57 |   134 |    18 ||   209

Table legend: (Time is in decaauts)
 A = Elapsed time spent in this place.
 B = Non-inter-level travel time spent in this place.
 C = Inter-level travel time spent in this place.
 D = Time resting spent in this place.
 E = Time spent auto-exploring this place.
 F = Levels seen in this place.
 G = Mean time per level.
                   A        B        C        D        E       F      G
               +--------+--------+--------+--------+--------+-----+--------+
         Total |   4113 |   4058 |     55 |    453 |   2445 |   5 |  822.6 |
       Dungeon |   4113 |   4058 |     55 |    453 |   2445 |   5 |  822.6 |
               +--------+--------+--------+--------+--------+-----+--------+

Top non-repeatable levels by time:
     D:3: 1503 daAuts
     D:1: 973 daAuts
     D:4: 817 daAuts
     D:2: 599 daAuts
     D:5: 219 daAuts
